 Dungeon Crawl Stone Soup version 0.28.0-45-g0d030f2227 (webtiles) character file.

Game seed: 11958037799362606820

216 101zpm the Gusty (level 5, -4/38 HPs)
             Began as a Gnoll Air Elementalist on Apr 24, 2022.
             Slain by a sky beast (6 damage)
             ... on level 4 of the Dungeon.
             The game lasted 00:07:53 (4583 turns).

101zpm the Gusty (Gnoll Air Elementalist)           Turns: 4583, Time: 00:07:54

Health: -4/38      AC:  2    Str:  8    XL:     5   Next: 93%
Magic:  0/12       EV: 13    Int: 16    God:
Gold:   225        SH:  0    Dex: 12    Spells: 11/14 levels left

rFire   . . .      SeeInvis .   c - staff of conjuration
rCold   . . .      Faith    .   (no shield)
rNeg    . . .      Spirit   .   a - +0 robe
rPois   .          Reflect  .   (no helmet)
rElec   .          Harm     .   (no cloak)
rCorr   .          Rampage  .   (no gloves)
Will    .....                   (no boots)
Stlth   +++.......              (no amulet)
HPRegen 0.12/turn               (no ring)
MPRegen 0.13/turn               (no ring)

@: no status effects
A: fangs 1, strong nose, distributed training
a: no special abilities


You were on level 4 of the Dungeon.
You visited 1 branch of the dungeon, and saw 5 of its levels.

You collected 225 gold pieces.

Inventory:

Armour
 a - a +0 robe (worn)
 o - a +1 pair of boots
 p - a +2 helmet
Magical Staves
 c - a staff of conjuration (weapon)
 q - a staff of poison
Wands
 h - a wand of mindburst (8)
Scrolls
 d - a scroll of identify {unknown}
 g - a scroll of vulnerability {unknown}
 j - a scroll of enchant armour {unknown}
 l - 3 scrolls of magic mapping {unknown}
 m - a scroll of blinking {unknown}
 r - a scroll of fear {unknown}
Potions
 b - a potion of heal wounds {unknown}
 e - 2 potions of degeneration {unknown}
 f - a potion of mutation {unknown}
 i - a potion of flight {unknown}
 k - 2 potions of lignification {unknown}
 n - a potion of curing {unknown}
 s - a potion of brilliance {unknown}


   Skills:
 + Level 1.7 Fighting
 + Level 1.7 Short Blades
 + Level 1.7 Long Blades
 + Level 1.7 Axes
 + Level 1.7 Maces & Flails
 + Level 1.7 Polearms
 + Level 1.7 Staves
 + Level 1.7 Slings
 + Level 1.7 Bows
 + Level 1.7 Crossbows
 + Level 1.7 Throwing
 + Level 1.7 Armour
 + Level 4.9 Dodging
 + Level 4.5 Stealth
 + Level 1.7 Shields
 + Level 1.7 Unarmed Combat
 + Level 5.2 Spellcasting
 + Level 2.5 Conjurations
 + Level 1.3 Hexes
 + Level 1.3 Summonings
 + Level 1.3 Necromancy
 + Level 1.3 Translocations
 + Level 1.3 Transmutations
 + Level 1.3 Fire Magic
 + Level 1.3 Ice Magic
 + Level 5.6 Air Magic
 + Level 1.3 Earth Magic
 + Level 1.3 Poison Magic
 + Level 1.9 Invocations
 + Level 1.7 Evocations


You had 11 spell levels left.
You knew the following spells:

 Your Spells              Type           Power      Damage    Failure   Level
a - Shock                 Conj/Air       100%       1d9       2%          1
b - Static Discharge      Conj/Air       25%        N/A       4%          2

Your spell library contained the following spells:

 Spells                   Type           Power      Damage    Failure   Level
 Swiftness                Air            22%        N/A       4%          3
 Beastly Appendage        Tmut           16%        N/A       9%          1
 Wereblood                Tmut           8%         N/A       13%         2
 Airstrike                Air            11%        N/A       14%         4
 Spider Form              Tmut/Pois      8%         N/A       26%         3


Dungeon Overview and Level Annotations

Branches:
Dungeon (5/15)
 Temple: D:4-7

Altars:
Ashenzari
Trog
Wu Jian
The Shining One


Innate Abilities, Weirdness & Mutations

You have very sharp teeth.
Your uncanny sense of smell can sniff out nearby items.
Your experience applies equally to all skills.


Message History

The air crackles with electrical energy.
The sky beast hits you. The sky beast shocks you.
Casting: Static Discharge (safe; 4% risk of failure)
Confirm with . or Enter, or press ? or * to list all spells.
You feel a surge of power!
The air crackles with electrical energy.
The sky beast closely misses you.
The sky beast flickers out of sight!
Deactivating autopickup; reactivate with Ctrl-A.
Something hits you. Something shocks you.
You climb upwards.
Reactivating autopickup.
There is a stone staircase leading down here.
You start resting.
A sky beast appears from thin air!
The sky beast misses you.
A sky beast is nearby!
Casting: Static Discharge (safe; 4% risk of failure)
Confirm with . or Enter, or press ? or * to list all spells.
You feel a surge of power!
The air crackles with electrical energy.
The sky beast flickers out of sight!
Deactivating autopickup; reactivate with Ctrl-A.
Something hits you. Something shocks you.
* * * LOW HITPOINT WARNING * * *
Casting: Static Discharge (safe; 4% risk of failure)
Confirm with . or Enter, or press ? or * to list all spells.
You don't have enough magic to cast this spell.
Aiming: Shock (safe; 2% risk of failure)
Press: ? - help, Q - select action, (/) - cycle Shift-Dir - straight line, f - you You feel a surge of power!
That beam is likely to hit you.
Continue anyway? [Y]es or [N]o only, please.
That beam is likely to hit you.
Continue anyway?
Okay, then.
Aiming: Shock (safe; 2% risk of failure)
Press: ? - help, Q - select action, (/) - cycle Shift-Dir - straight line You feel a surge of power!
The zap hits something.
Something hits you.
* * * LOW HITPOINT WARNING * * *
Something shocks you.
You die...

####### ####### #.....#
#.....# #.....# #.....#
#.....# #.....# #.....#
#.....########### ####.....#
#.........#.##..# ......)###
#.........#.....## .......#
#...@.....#......# .......#
#....{....#......# .......#
#.........#......#
.......######.........####'###
###.......#.##'#####.........#
..#.......#........#.........#
..#.......'........#...>.....#
..#.......#........#........>#
###.......###..##..#.........#


There were no monsters in sight!

Vanquished Creatures
  A hound (D:5)
  An orc priest (D:5)
  A bullfrog skeleton (D:5)
  A hound skeleton (D:5)
  A gnoll (D:5)
  3 adders
  2 worms (D:3)
  A dart slug (D:4)
  4 orcs
  7 endoplasms
  6 giant cockroaches
  5 goblins
  5 hobgoblins
  5 jackals
  5 quokkas
  3 ball pythons
  5 bats
  4 frilled lizards
  5 kobolds
  3 rats (D:1)
68 creatures vanquished.

Vanquished Creatures (others)
  3 plants (D:2)
3 creatures vanquished.

Grand Total: 71 creatures vanquished

Notes
Turn   | Place    | Note
-------+----------+-------------------------------------------
     0 | D:1      | 101zpm the Gnoll Air Elementalist began the quest for the
                  | Orb.
     0 | D:1      | Reached XP level 1. HP: 13/13 MP: 6/6
   246 | D:2      | Reached XP level 2. HP: 17/19 MP: 3/7
   478 | D:2      | Reached XP level 3. HP: 25/25 MP: 7/9
   527 | D:2      | Reached skill level 5 in Spellcasting
   654 | D:2      | Found a faded altar of an unknown god.
   678 | D:2      | Reached skill level 1 in Invocations
  1199 | D:3      | Found a bloodstained altar of Trog.
  1468 | D:3      | Reached skill level 1 in Fighting
  1468 | D:3      | Reached skill level 1 in Short Blades
  1468 | D:3      | Reached skill level 1 in Long Blades
  1468 | D:3      | Reached skill level 1 in Axes
  1468 | D:3      | Reached skill level 1 in Maces & Flails
  1468 | D:3      | Reached skill level 1 in Polearms
  1468 | D:3      | Reached skill level 1 in Staves
  1468 | D:3      | Reached skill level 1 in Slings
  1468 | D:3      | Reached skill level 1 in Bows
  1468 | D:3      | Reached skill level 1 in Crossbows
  1468 | D:3      | Reached skill level 1 in Throwing
  1468 | D:3      | Reached skill level 1 in Armour
  1468 | D:3      | Reached skill level 1 in Shields
  1468 | D:3      | Reached skill level 1 in Unarmed Combat
  1468 | D:3      | Reached skill level 1 in Evocations
  2012 | D:3      | Reached XP level 4. HP: 32/32 MP: 7/11
  3297 | D:4      | Reached skill level 1 in Hexes
  3297 | D:4      | Reached skill level 1 in Summonings
  3297 | D:4      | Reached skill level 1 in Necromancy
  3297 | D:4      | Reached skill level 1 in Translocations
  3297 | D:4      | Reached skill level 1 in Transmutations
  3297 | D:4      | Reached skill level 1 in Fire Magic
  3297 | D:4      | Reached skill level 1 in Ice Magic
  3297 | D:4      | Reached skill level 1 in Earth Magic
  3297 | D:4      | Reached skill level 1 in Poison Magic
  3971 | D:5      | Entered Level 5 of the Dungeon
  4015 | D:5      | Found a broken altar of Ashenzari.
  4016 | D:5      | Found a glowing golden altar of the Shining One.
  4048 | D:5      | Noticed a necrophage
  4125 | D:5      | Reached XP level 5. HP: 25/37 MP: 4/12
  4279 | D:5      | Found an ornate altar of the Wu Jian Council.
  4522 | D:5      | Noticed a sky beast
  4572 | D:4      | Learned a level 2 spell: Static Discharge
  4583 | D:4      | Slain by a sky beast

Illustrated notes

Levels and vault maps discovered:
D:1:      lemuel_arrival_cross, layout_basic
D:2:      layout_loops_ring, hellmonk_ecumenical_altar_run_dry,
          hangedman_decor_push, st_stairs_12, serial_bayou_crossing
D:3:      layout_basic, mainiacjoe_overflow_tiny_flanked
D:4:      layout_gridville, dk_rats_in_the_wall
D:5:      layout_basic, lemuel_tele_altar,
          nicolae_hepliaklqana_monster_ancestors,
          pdpol_wu_jian_five_deadly_venoms, grunt_temple_overflow_open,
          kennysheep_generic_room_4

Skill      XL: |  1  2  3  4 |
---------------+-------------+-----
Conjurations   | 2 |  2.5
Spellcasting   | 5 |  5.2
Invocations    | 1 |  1.9
Fighting       | 1 |  1.7
Short Blades   | 1 |  1.7
Long Blades    | 1 |  1.7
Axes           | 1 |  1.7
Maces & Flails | 1 |  1.7
Polearms       | 1 |  1.7
Staves         | 1 |  1.7
Slings         | 1 |  1.7
Bows           | 1 |  1.7
Crossbows      | 1 |  1.7
Throwing       | 1 |  1.7
Armour         | 1 |  1.7
Shields        | 1 |  1.7
Unarmed Combat | 1 |  1.7
Evocations     | 1 |  1.7
Hexes          | 1 |  1.3
Summonings     | 1 |  1.3
Necromancy     | 1 |  1.3
Translocations | 1 |  1.3
Transmutations | 1 |  1.3
Fire Magic     | 1 |  1.3
Ice Magic      | 1 |  1.3
Earth Magic    | 1 |  1.3
Poison Magic   | 1 |  1.3
Dodging        | |  4.9
Stealth        | |  4.5
Air Magic      | |  5.6

Action                   |  1- 3 |  4- 6 || total
-------------------------+-------+-------++-------
Melee: Unarmed           |     4 |       ||     4
 Cast: Shock             |    73 |    75 ||   148
       Static Discharge  |       |     6 ||     6
Armor: Robe              |     3 |    10 ||    13
Dodge: Dodged            |     7 |    17 ||    24
